 Dungeon Crawl Stone Soup version 0.30.0-13-g156ef70053 (webtiles) character file.

Game seed: 10051446070311080953

123569 meatpath the Warrior (level 16, -4/247 HPs)
             Began as a Minotaur Berserker on May 16, 2023.
             Was the Champion of Trog.
             Slain by a merfolk siren
             ... wielding a +2 heavy spear
              (13 damage)
             ... on level 4 of the Shoals on May 17, 2023.
             The game lasted 01:25:22 (30808 turns).

meatpath the Warrior (Minotaur Berserker)          Turns: 30808, Time: 01:25:24

Health: -4/247     AC: 23    Str: 24    XL:     16   Next: 37%
Magic:  15/15      EV: 10    Int: 11    God:    Trog [******]
Gold:   1139       SH: 13    Dex: 12    Spells: 15/15 levels left

rFire   + + .        c - +5 broad axe of Begrasod {spect, Contam rF++ rN+ rCorr}
rCold   + . .        V - +2 kite shield
rNeg    + . .        T - +1 plate armour of the Sea {Int+3}
rPois   .            y - +0 hat
rElec   .            (no cloak)
rCorr   +            P - +1 pair of gloves
SInv    .            (no boots)
Will    +++..        X - amulet of faith Stlth
                     q - ring of protection from cold
HPRegen 1.61/turn    I - +4 ring of protection
MPRegen 0.14/turn

%: faith
@: berserking, lethally poisoned (-4 -> -9), strong-willed, regenerating,
hasted, studying Evocations, quick
A: horns 2, retaliatory headbutt
a: Renounce Religion, Berserk, Trog's Hand, Brothers in Arms


You were on level 4 of the Shoals.
You worshipped Trog.
Trog was exalted by your worship.
You visited 3 branches of the dungeon, and saw 24 of its levels.

You collected 1859 gold pieces.
You spent 720 gold pieces at shops.

Inventory:

Hand Weapons
 c - the +5 broad axe of Begrasod (weapon) {spect, Contam rF++ rN+ rCorr}
   (You acquired it on level 8 of the Dungeon)

   rF:        It greatly protects you from fire.
   rN:        It protects you from negative energy.
   Contam:    It causes magical contamination when unequipped.
   rCorr:     It protects you from acid and corrosion.
 N - a +0 morningstar
 R - a +2 vampiric broad axe
 U - a +0 antimagic broad axe
Missiles
 p - 7 throwing nets (quivered)
Armour
 o - +0 fire dragon scales
 u - a +0 plate armour
 y - a +0 hat (worn)
 P - a +1 pair of gloves (worn)
 T - the +1 plate armour of the Sea (worn) {Int+3}
   (You found it on level 5 of the Lair of Beasts)

   Int:       It affects your intelligence (+3).
 V - a +2 kite shield (worn)
Jewellery
 j - a ring of protection from cold
 k - a +6 ring of strength
 q - a ring of protection from cold (left hand)
 v - a ring of ice
 E - a ring of see invisible
 G - an amulet of regeneration
 I - a +4 ring of protection (right hand)
 O - a ring of poison resistance
 W - a ring of protection from cold
 X - an amulet of faith (around neck)
Wands
 z - a wand of flame (18)
 D - a wand of polymorph (8)
 F - a wand of iceblast (27)
 L - a wand of mindburst (9)
 M - a wand of paralysis (33)
Scrolls
 a - a scroll of brand weapon
 d - 3 scrolls of silence
 g - 8 scrolls of blinking
 h - 6 scrolls of noise
 l - 4 scrolls of poison
 m - a scroll of fear
 s - 3 scrolls of magic mapping
 w - 3 scrolls of fog
 C - 10 scrolls of teleportation
 H - 3 scrolls of summoning
 Q - 2 scrolls of enchant armour
Potions
 e - a potion of ambrosia
 f - 2 potions of invisibility
 i - 10 potions of curing
 n - 3 potions of berserk rage
 r - 4 potions of might
 t - 5 potions of cancellation
 x - 4 potions of degeneration {unknown}
 A - 6 potions of mutation {unknown}
 J - 2 potions of attraction {unknown}
 K - 2 potions of resistance {unknown}
 S - 4 potions of haste
Miscellaneous
 B - a piece from Xom's chessboard (15/15)


   Skills:
 + Level 20.5 Fighting
 + Level 20.5 Axes
 - Level 12.2 Armour
 + Level 10.1 Dodging
 - Level 10.2 Shields
 - Level 10.2 Evocations


You had 15 spell levels left.
You didn't know any spells.
Your spell library was empty.

Dungeon Overview and Level Annotations

Branches:
Dungeon (15/15)            Temple (0/1) D:7            Lair (5/5) D:11
 Shoals (4/4) Lair:2       Spider (0/4) Lair:2        Slime (0/5) Lair:5
    Orc (0/2) D:9          Vaults (0/5) D:14         Depths (0/4) D:15

Altars:
Cheibriados
Dithmenos
Elyvilon
Fedhas
Kikubaaqudgha
Makhleb
Okawaru
Uskayaw
Vehumet
Wu Jian
Xom
Yredelemnul
Zin
Jiyva

Shops:
D:8 ?   D:15 =   Shoals:2 (

Annotations:
D:13 4 transporters
Lair:5 1 runed translucent door
Shoals:2 3 runed translucent doors


Innate Abilities, Weirdness & Mutations

You have a pair of horns on your head.
You reflexively headbutt those who attack you in melee.


Message History

You block the merfolk's attack.
Your stone giant hits the merfolk!!
The merfolk impaler hits you with a +2 trident of venom.
* * * LOW HITPOINT WARNING * * *
You are more poisoned.
You slice the merfolk impaler!!
You feel the power of Trog in you as your rage grows.
You kill the merfolk impaler!
Trog accepts your kill.
You hear a splash. x2
You closely miss the merfolk.
Your +5 broad axe of Begrasod {spect, Contam rF++ rN+ rCorr} completely misses the merfolk.
You feel very sick.
The merfolk hits your +5 broad axe of Begrasod {spect, Contam rF++ rN+ rCorr} with a +0 spear!
Your spectral weapon shares its damage with you!
* * * LOW HITPOINT WARNING * * *
Your stone giant hits the merfolk!
The merfolk dies!
Trog accepts your kill.
You hear a splash. x2
Your +5 broad axe of Begrasod {spect, Contam rF++ rN+ rCorr} disappears.
You feel very sick.
The merfolk seems to regain its courage.
The merfolk hits your stone giant with a +0 halberd!
Your stone giant hits the merfolk!!!
You block the merfolk siren's attack. The merfolk hits you with a +0 halberd.
* * * LOW HITPOINT WARNING * * *
Things that are here:
a +0 spear; 2 boomerangs; a merfolk corpse You barely miss the merfolk.
The merfolk is almost dead.
You feel very sick.
Your stone giant barely misses the merfolk.
Unknown command.
You completely miss the merfolk. You headbutt the merfolk!
You kill the merfolk!
Trog accepts your kill.
You hear a splash. x2
You feel sick.
The merfolk siren hits you from afar with a +2 heavy spear!
You die...

~~~~≈≈≈~~~≈≈≈~~..~..[.~~.~~~
~~~~≈≈≈≈≈≈≈≈≈~...~~~..!..~~~
~~~~≈≈≈≈≈≈≈≈≈÷~..~~~.....~~.Y
.~~~≈≈≈≈≈≈≈...÷÷(.~~...#....
..~~~≈≈≈≈≈.##.#~#...........
....~~≈≈≈~~#######..~......#
.....~~~~###~#~~~###~~~~~...
.....~~~~~#~~~≈~~~##..~.m...
.....~~~~##~~#)#@)##........
......~~~###≈~[C≈###........
......~~~~##~#m#~##~........
.......~~~#~~~≈~~.#.........
.......~~~##~###~†#........~
...)....~~~#######m.........
[.......~~~~##~.#~~.........
.........~~..~....~~........
..........~........~.[......


You could see a merfolk impaler, a merfolk siren (ally target) and a friendly
stone giant (summoned, berserk).

Vanquished Creatures
  Rupert (D:14)
  Gastronok (D:11)
  Polyphemus (Shoals:4)
  Kirke (Lair:5)
  Ilsuiw (Shoals:2)
  A fire giant (D:15)
  6 merfolk impalers
  2 merfolk javelineers (Shoals:2)
  2 ettins (D:15)
  2 fire dragons (D:15)
  A yaktaur captain (D:15)
  2 hydras (Lair:4)
  3 merfolk avatars
  An alligator snapping turtle (Shoals:3)
  4 boulder beetles
  A merfolk aquamancer (Shoals:3)
  6 centaur warriors
  2 catoblepae
  14 death yaks
  3 two-headed ogres
  3 satyrs (Shoals:2)
  A deep troll shaman (Lair:5)
  2 tengu warriors (D:13)
  Sonja (D:10)
  3 skysharks
  5 sea snakes
  An iron troll (Shoals:4)
  A pharaoh ant (Lair:2)
  A wizard (D:15)
  A wolf spider (D:15)
  A lindwurm (Lair:5)
  11 harpies
  3 deep elf pyromancers
  An orc knight (D:14)
  14 cyclopes
  14 fauns
  2 ugly things
  17 elephants
  9 manticores
  3 black mambas
  14 merfolk sirens
  7 water nymphs
  A torpor snail (Lair:5)
  An unseen horror (D:12)
  2 gargoyles
  9 cane toads
  A rime drake (Lair:5)
  9 komodo dragons
  A tengu conjurer (D:15)
  27 merfolk
  A polar bear (Lair:5)
  5 trolls
  4 wind drakes
  Prince Ribbit (D:5)
  2 tarantellas (Lair:2)
  29 dream sheep
  3 blink frogs (Lair:4)
  4 snapping turtles
  2 vampires
  A jumping spider (Lair:2)
  5 slime creatures
  2 shadows
  5 water elementals
  6 wyverns
  16 humans (D:14)
  25 yaks
  3 hogs (Lair:5)
  5 basilisks
  3 steam dragons
  12 vampire mosquitoes
  Edmund (D:5)
  Menkaure (D:5)
  18 water moccasins
  2 acid dragons
  2 ice beasts
  A black bear (Lair:5)
  2 sky beasts (D:7)
  A black bear (shapeshifter) (D:15)
  6 orc warriors
  3 boggarts (D:14)
  25 wolves
  13 centaurs
  A phantom (D:6)
  A kobold brigand (D:8)
  8 bullfrogs
  2 gnoll sergeants (D:8)
  8 wights
  3 scorpions
  5 killer bees (D:9)
  3 electric eels (D:9)
  2 vampire bats (D:6)
  6 howler monkeys
  A jelly (D:8)
  3 gnoll boudas
  8 orc priests
  6 hounds
  4 iguanas
  2 sleepcaps
  15 orc wizards
  6 adders
  10 gnolls
  3 shadow imps
  3 ufetubi
  A worm (D:2)
  40 orcs
  5 ball pythons
  3 bat skeletons (D:6)
  2 bat zombies (D:6)
  5 endoplasms
  A giant cockroach (D:4)
  5 goblins
  5 hobgoblins
  7 kobolds
  5 bats (D:1)
  A frilled lizard (D:1)
  5 rats
615 creatures vanquished.

Vanquished Creatures (collateral kills)
  2 merfolk (Shoals:4)
2 creatures vanquished.

Vanquished Creatures (others)
  A dream sheep (Lair:5)
  4 humans (Lair:5)
  An orc wizard (D:5)
  6 spectral weapons
12 creatures vanquished.

Grand Total: 629 creatures vanquished

Notes
Turn   | Place    | Note
-------+----------+-------------------------------------------
     0 | D:1      | meatpath the Minotaur Berserker began the quest for the
                  | Orb.
     0 | D:1      | Reached XP level 1. HP: 19/19 MP: 0/0
   294 | D:1      | Reached XP level 2. HP: 23/27 MP: 1/1
   419 | D:1      | You fall into a shaft and drop 1 floor!
   594 | D:1      | Found a faded altar of an unknown god.
  1166 | D:2      | Reached XP level 3. HP: 28/33 MP: 2/2
  1193 | D:2      | Reached ** piety under Trog
  1860 | D:3      | Reached XP level 4. HP: 33/41 MP: 3/3
  2351 | D:4      | Reached skill level 5 in Fighting
  2351 | D:4      | Reached XP level 5. HP: 23/48 MP: 4/4
  2363 | D:4      | Reached skill level 5 in Axes
  2525 | D:4      | Found a shimmering altar of Xom.
  2558 | D:4      | Found a hide-covered altar of Uskayaw.
  3232 | D:4      | Reached skill level 1 in Shields
  3232 | D:4      | Reached XP level 6. HP: 51/57 MP: 5/5
  3307 | D:4      | Noticed a wyvern
  3315 | D:4      | Killed a wyvern
  3818 | D:5      | Entered Level 5 of the Dungeon
  3950 | D:5      | Reached XP level 7. HP: 46/63 MP: 6/6
  4027 | D:5      | Noticed Prince Ribbit
  4036 | D:5      | Killed Prince Ribbit
  4133 | D:5      | Noticed Edmund
  4153 | D:5      | Killed Edmund
  4536 | D:5      | Reached XP level 8. HP: 49/73 MP: 7/7
  4650 | D:5      | Noticed Menkaure
  4657 | D:5      | Killed Menkaure
  4658 | D:5      | Reached skill level 5 in Shields
  5708 | D:6      | Found an iron altar of Okawaru.
  5807 | D:6      | Found an ancient bone altar of Kikubaaqudgha.
  6066 | D:6      | Reached XP level 9. HP: 82/82 MP: 8/8
  6078 | D:6      | Reached skill level 5 in Armour
  6193 | D:6      | Found a radiant altar of Vehumet.
  6300 | D:7      | Reached *** piety under Trog
  6657 | D:7      | Found a shadowy altar of Dithmenos.
  6722 | D:7      | Found a staircase to the Ecumenical Temple.
  6731 | D:7      | Reached skill level 1 in Evocations
  6997 | D:7      | Found an ornate altar of the Wu Jian Council.
  7102 | D:8      | Noticed a troll
  7114 | D:7      | Killed a troll
  7115 | D:7      | Reached skill level 10 in Fighting
  7115 | D:7      | Reached skill level 10 in Axes
  7443 | D:8      | Reached skill level 5 in Evocations
  7528 | D:8      | Found a burning altar of Makhleb.
  7621 | D:8      | Reached XP level 10. HP: 94/94 MP: 9/9
  7782 | D:8      | Found Qopire's Magic Scroll Boutique.
  7990 | D:8      | Identified a scroll of acquirement
  7991 | D:8      | Acquired the +5 broad axe of Begrasod {spect, Contam rF++
                  | rN+ rCorr}
  8035 | D:8      | Noticed a red ugly thing
  8048 | D:8      | Killed a red ugly thing
  8053 | D:8      | Noticed a gargoyle
  8190 | D:8      | Reached **** piety under Trog
  8363 | D:8      | Killed a gargoyle
  9525 | D:9      | Noticed an obsidian statue
  9740 | D:9      | Found a staircase to the Orcish Mines.
  9790 | D:10     | Entered Level 10 of the Dungeon
  9838 | D:10     | Noticed a two-headed ogre
  9849 | D:10     | Killed a two-headed ogre
  9850 | D:10     | Reached XP level 11. HP: 88/105 MP: 7/10
  9919 | D:10     | Noticed Sonja
  9942 | D:10     | Killed Sonja
 10179 | D:10     | Noticed a centaur warrior
 10193 | D:10     | Killed a centaur warrior
 10373 | D:10     | Noticed a two-headed ogre
 10382 | D:10     | Killed a two-headed ogre
 10519 | D:10     | Found a basalt altar of Yredelemnul.
 10524 | D:10     | Found a white marble altar of Elyvilon.
 10538 | D:10     | Found a blossoming altar of Fedhas.
 10546 | D:10     | Found a snail-covered altar of Cheibriados.
 11478 | D:11     | Noticed Gastronok
 11493 | D:11     | Killed Gastronok
 11695 | D:11     | Found a staircase to the Lair.
 11722 | D:11     | Reached skill level 10 in Shields
 12141 | D:12     | Noticed a deep elf pyromancer
 12151 | D:12     | Noticed a purple ugly thing
 12158 | D:12     | Killed a deep elf pyromancer
 12159 | D:12     | Reached XP level 12. HP: 116/116 MP: 9/11
 12299 | Lair:1   | Entered Level 1 of the Lair of Beasts
 12317 | Lair:1   | Reached ***** piety under Trog
 12809 | Lair:1   | Received a gift from Trog
 13834 | Lair:2   | Reached skill level 15 in Axes
 13910 | Lair:2   | Identified the +3 great sword of the Forsaken Wars
                  | {protect, Fragile rF+ Str+3}
 13968 | Lair:2   | Reached skill level 15 in Fighting
 14152 | Lair:2   | Found a hole to the Spider Nest.
 14683 | Lair:2   | Noticed a boulder beetle
 14699 | Lair:2   | Killed a boulder beetle
 15111 | Lair:2   | Found a staircase to the Shoals.
 15339 | Lair:2   | Upgraded the game from 0.30.0-11-gf55b779eaf to
                  | 0.30.0-13-g156ef70053
 15340 | Lair:3   | Noticed a death yak
 15356 | Lair:3   | Killed a death yak
 15365 | Lair:3   | Noticed a death yak
 15366 | Lair:3   | Noticed a death yak
 15375 | Lair:3   | Noticed a death yak
 15387 | Lair:2   | Killed a death yak
 15388 | Lair:2   | Reached skill level 10 in Armour
 15388 | Lair:2   | Reached XP level 13. HP: 40/127 MP: 3/12
 16024 | Lair:3   | You fall into a shaft and drop 2 floors!
 16024 | Lair:5   | Entered Level 5 of the Lair of Beasts
 16254 | Lair:5   | Found a runed translucent door.
 16255 | Lair:5   | Found a viscous altar of Jiyva.
 16256 | Lair:5   | Noticed an acid blob
 16257 | Lair:5   | Found a staircase to the Slime Pits.
 18955 | Lair:5   | Noticed Kirke
 18970 | Lair:5   | Noticed a sphinx
 18977 | Lair:5   | Killed Kirke
 20192 | Lair:5   | Reached XP level 14. HP: 111/140 MP: 11/13
 20200 | Lair:5   | Reached skill level 5 in Dodging
 20856 | Lair:5   | Identified the +1 plate armour of the Sea {Int+3}
 21197 | D:12     | Identified the +1 mace of Uskayaw, Burning {heavy, rElec
                  | SInv}
 21672 | D:13     | Found a transporter.
 21672 | D:13     | Found a transporter.
 21674 | D:13     | Found a transporter.
 21714 | D:13     | Identified the +2 leather armour of Dawn {+Inv rPois rC-
                  | Will+}
 22066 | D:13     | Found a transporter.
 22269 | D:14     | Noticed Rupert
 22269 | D:14     | Found a gate to the Vaults.
 22297 | D:14     | Killed Rupert
 22297 | D:14     | Reached ****** piety under Trog
 22793 | D:14     | Found a glowing silver altar of Zin.
 22936 | D:15     | Entered Level 15 of the Dungeon
 22962 | D:15     | Identified the +2 quarterstaff of Hacking and Slashing
                  | {heavy, rN+ Stlth+} (Trog gifted it to you on level 15 of
                  | the Dungeon)
 22962 | D:15     | Received a gift from Trog
 23386 | D:15     | Found a runed translucent door.
 23725 | D:15     | Found a staircase to the Depths.
 23770 | D:15     | Found Afajatsa's Jewellery Shoppe.
 23774 | D:15     | Bought an amulet of faith for 720 gold pieces
 23965 | D:15     | Noticed a fire giant
 23978 | D:15     | Killed a fire giant
 23979 | D:15     | Reached XP level 15. HP: 110/150 MP: 14/14
 24468 | Shoals:1 | Entered Level 1 of the Shoals
 24916 | Shoals:1 | Reached skill level 10 in Evocations
 25526 | Shoals:2 | Noticed Ilsuiw
 25532 | Shoals:2 | Received a gift from Trog
 25560 | Shoals:2 | Killed Ilsuiw
 26784 | Shoals:2 | Found the +8 Vampire's Tooth {megavamp}
 26785 | Shoals:2 | Noticed a frost giant
 26942 | Shoals:2 | Noticed a frost giant
 26944 | Shoals:2 | Found a runed translucent gate.
 26944 | Shoals:2 | Found a runed translucent gate.
 26944 | Shoals:2 | Found a runed translucent gate.
 26944 | Shoals:2 | Found Otyatzimp's Weapon Boutique.
 26959 | Shoals:2 | Received a gift from Trog
 28562 | Shoals:3 | Reached XP level 16. HP: 148/162 MP: 15/15
 29640 | Shoals:4 | Entered Level 4 of the Shoals
 30377 | Shoals:4 | Noticed Bai Suzhen
 30378 | Shoals:4 | Bai Suzhen changed into Bai Suzhen the iron troll
 30378 | Shoals:4 | Noticed Bai Suzhen
 30388 | Shoals:4 | Killed Bai Suzhen the iron troll
 30498 | Shoals:4 | Noticed Polyphemus
 30533 | Shoals:4 | Killed Polyphemus
 30534 | Shoals:4 | Reached skill level 10 in Dodging
 30806 | Shoals:4 | HP: 12/247 [merfolk/+0 halberd[a merfolk impaler] (6)]
 30808 | Shoals:4 | Slain by a merfolk siren

Illustrated notes

Levels and vault maps discovered:
D:1:      ldierk_walled_garden_2, layout_basic,
          dreamdust_ecumenical_altar_statues
D:2:      layout_loops_cross
D:3:      layout_basic
D:4:      layout_layer_cave, mainiacjoe_overflow_boulevard,
          eat_drink_and_be_merry_uskayaw, grunt_ministairs_8
D:5:      layout_layer_cave, uniq_edmund, uniq_prince_ribbit1, uniq_menkaure
D:6:      layout_rooms, nicolae_vehumet_radiance, kennysheep_vampire_church,
          old_standard_altar, grunt_ministairs_13
D:7:      layout_rooms, nicolae_wu_jian_immortal_techniques,
          mainiacjoe_overflow_concentric_impassable, minmay_temple_entry_grid
D:8:      kennysheep_windowed_halls, layout_basic, mainiacjoe_overflow_paths,
          serial_shops, nicolae_shop_real_fake_doors, kennysheep_generic_room_12
D:9:      layout_rooms, erik_orc_2, minivault_15
D:10:     layout_rooms, grunt_temple_overflow_cloverleaf, dk_noncrumbling_2,
          chequers_serial_rivers_room_a, uniq_sonja
D:11:     layout_cave_pools, david_lair_generic, uniq_gastronok
D:12:     layout_rooms
D:13:     layout_long_grid, nicolae_diode_quadrants
D:14:     layout_rooms, david_vaults_3, infiniplex_staircase_pillars_3a,
          zin_treasury
D:15:     grunt_enter_depths_hoard, layout_loops_cross, serial_shops,
          nicolae_shop_pleasant_corner_grove, minivault_13
Lair:1:   layout_gridlike, grunt_megastairs_3
Lair:2:   layout_cave_pods, minmay_shoals_entry_hut,
          nicolae_spider_entry_lesser_pyramids
Lair:3:   layout_chaotic_city
Lair:4:   layout_regular_city, nicolae_volcano_entry_two_sided
Lair:5:   grunt_lair_end_beastmaster, layout_regular_city, slime_entry_2,
          uniq_kirke
Shoals:1: layout_shoals, nicolae_shoals_nautilus_by_nature, overgrown_tower
Shoals:2: cheibrodos_shoals_oceanic_diplomacy, layout_shoals, serial_shops,
          shop, nicolae_shoals_beach_cooler, uniq_ilsuiw
Shoals:3: layout_shoals
Shoals:4: shoals_end_grunt_ice, layout_shoals, uniq_polyphemus, uniq_bai_suzhen

Skill      XL: |  1  2  3  4  5  6  7  8  9 10 11 12 13 14 15 16 |
---------------+-------------------------------------------------+-----
Fighting       | 4 5 6 7 8 10 12 13 15 17 18 20 | 20.5
Axes           | 4 5 6 7 8 10 12 14 15 17 18 20 | 20.5
Dodging        | 3 4 6 8 10 | 10.1
Shields        | 1 2 4 5 7 10 | 10.2
Armour         | 4 5 6 10 12 | 12.2
Evocations     | 5 9 10 | 10.2

Action                     |  1- 3 |  4- 6 |  7- 9 | 10-12 | 13-15 | 16-18 || total
---------------------------+-------+-------+-------+-------+-------+-------++-------
  Melee: Hand axe          |    74 |    81 |    25 |       |       |       ||   180
         Headbutt          |     8 |     9 |    43 |   166 |   244 |    33 ||   503
         Flail             |       |       |   153 |       |       |       ||   153
         War axe           |       |       |    97 |   646 |   489 |       ||  1232
         Morningstar       |       |       |       |       |    14 |       ||    14
         Broad axe         |       |       |       |       |   437 |   154 ||   591
 Invoke: Berserk           |       |     2 |     4 |    10 |     9 |     2 ||    27
         Trog's Hand       |       |       |     1 |     1 |     4 |     2 ||     8
         Brothers in Arms  |       |       |       |       |       |     1 ||     1
  Evoke: Wand              |       |       |       |       |     6 |     1 ||     7
    Use: Scroll            |     1 |     4 |     4 |     9 |    11 |     2 ||    31
         Potion            |       |       |       |     3 |       |     5 ||     8
   Stab: Distracted        |       |       |       |       |     6 |     3 ||     9
         Petrified         |       |       |       |       |       |     7 ||     7
 Armour: Animal skin       |     9 |       |       |       |       |       ||     9
         Ring mail         |     4 |    20 |       |       |       |       ||    24
         Chain mail        |       |    24 |   165 |   113 |       |       ||   302
         Plate armour      |       |       |       |   181 |   439 |    75 ||   695
  Dodge: Dodged            |    47 |    43 |   121 |   182 |   226 |    47 ||   666
  Block: Buckler           |       |     5 |    58 |    19 |       |       ||    82
         Kite shield       |       |       |       |   295 |   394 |    88 ||   777
